 Dungeon Crawl Stone Soup version 0.30-a0-989-g0d87f670db (webtiles) character file.

Game seed: 219830555715418971

134 dredge the Slasher (level 4, 0/61 HPs)
             Began as a Minotaur Berserker on Apr 2, 2023.
             Was a Believer of Trog.
             Slain by a troll zombie (3 damage)
             ... in an ossuary.
             The game lasted 00:08:10 (2468 turns).

dredge the Slasher (Minotaur Berserker)             Turns: 2468, Time: 00:08:12

Health: 0/61       AC: 12    Str: 22    XL:     4   Next: 95%
Magic:  3/3        EV:  7    Int:  4    God:    Trog [**....]
Gold:   108        SH:  0    Dex: 11    Spells: 3/3 levels left

rFire   . . .      SeeInvis .    t - +0 mace (drain)
rCold   . . .      Faith    .    (no shield)
rNeg    . . .      Spirit   .    n - +0 plate armour
rPois   .          Reflect  .    (helmet restricted)
rElec   .          Rampage  .    u - +0 cloak
rCorr   .                        (no gloves)
Will    .....                    (no boots) Stlth
                                 (no amulet)
HPRegen 0.30/turn                (no ring)
MPRegen 0.08/turn                (no ring)

@: berserking, very quick
A: horns 2, retaliatory headbutt
a: Renounce Religion, Berserk, Trog's Hand


You were in an ossuary.
You worshipped Trog.
Trog was pleased with you.
You visited 1 branch of the dungeon, and saw 4 of its levels.
You also visited: Ossuary.

You collected 108 gold pieces.

Inventory:

Hand Weapons
 t - a +0 mace of draining (weapon)
Missiles
 c - 6 javelins
 h - 6 atropa-tipped darts (quivered)
 s - 11 poisoned darts
 v - 4 silver boomerangs
Armour
 i - a +0 chain mail
 n - a +0 plate armour (worn)
 u - a +0 cloak (worn)
Jewellery
 r - a ring of fire
Wands
 k - a wand of flame (18)
Scrolls
 a - a scroll of torment
 e - a scroll of blinking
 f - 2 scrolls of enchant weapon
 p - a scroll of enchant armour
 q - a scroll of fear {unknown}
Potions
 b - a potion of flight {unknown}
 d - a potion of berserk rage {unknown}
 g - a potion of haste {unknown}
 j - a potion of mutation {unknown}
 l - a potion of degeneration {unknown}
 o - a potion of might {unknown}


   Skills:
 + Level 4.9 Fighting
 + Level 5.2 Long Blades
 + Level 0.2 Maces & Flails
 + Level 3.2 Armour
 + Level 2.6 Dodging


You had 3 spell levels left.
You didn't know any spells.
Your spell library contained the following spells:

 Spells                   Type           Power      Damage    Failure   Level
 Blink                    Tloc           0%         N/A       100%        2
 Lesser Beckoning         Tloc           0%         N/A       100%        2
 Momentum Strike          Conj/Tloc      0%         3d8       100%        2
 Static Discharge         Conj/Air       0%         2-2/arc   100%        2
 Kindle Blastsparks       Fire/Tloc/Air  0%         2d10      100%        3
 Vhi's Electric Charge    Tloc/Air       0%         N/A       100%        3
 Fulminant Prism          Conj/Hex       0%         3d5       100%        4
 Iskenderun's Mystic Bla  Conj/Tloc      0%         2d3       100%        4
 Arcjolt                  Conj/Air       0%         1d10      100%        5
 Lee's Rapid Deconstruct  Erth           0%         3d4*      100%        5
 Plasma Beam              Fire/Air       0%         2x1d7     100%        5


Dungeon Overview and Level Annotations

Branches:
Dungeon (4/15)            Ossuary (1/1)
 Temple: D:4-7

Altars:
Qazlal
Sif Muna
Uskayaw
Vehumet

Shops:
D:3 :*[


Innate Abilities, Weirdness & Mutations

You have a pair of horns on your head.
You reflexively headbutt those who attack you in melee.


Message History

The troll zombie claws you but does no damage.
The troll zombie bites you.
The troll zombie claws you but does no damage. x2
You hit the troll zombie.
The troll zombie is heavily damaged.
The troll zombie bites you but does no damage.
The troll zombie claws you. The troll zombie claws you!
You sock the troll zombie!
The troll zombie is severely damaged.
The troll zombie bites you! The troll zombie barely misses you.
The troll zombie claws you but does no damage.
You hit the troll zombie. Your headbutt misses the troll zombie.
The troll zombie is severely damaged.
The troll zombie bites you but does no damage.
The troll zombie claws you but does no damage.
The troll zombie claws you.
* * * LOW HITPOINT WARNING * * *
Unknown command.
A red film seems to cover your vision as you go berserk!
You feel yourself moving faster!
You feel mighty! The troll zombie barely misses you. You furiously retaliate!
You headbutt the troll zombie! The troll zombie claws you.
* * * LOW HITPOINT WARNING * * *
The troll zombie claws you.
* * * LOW HITPOINT WARNING * * *
You barely miss the troll zombie.
The troll zombie is severely damaged.
You hit the troll zombie.
You headbutt the troll zombie, but do no damage.
The troll zombie is almost destroyed.
The troll zombie bites you but does no damage.
The troll zombie barely misses you.
The troll zombie claws you but does no damage.
You hit the troll zombie.
The troll zombie is almost destroyed.
The troll zombie bites you!
* * * LOW HITPOINT WARNING * * *
The troll zombie claws you but does no damage.
The troll zombie claws you.
You die...

#..#.#
#..#.#
#..'.######
#..###....#
#..#.#....#
#..#.'....#
#..'.#....#
#..########
#..#.'@Z..#
#..#.#....#
#..'.#....#
#..###....#
#..# ######
#..# #..+
#..# #..#


You could see a troll zombie.

Vanquished Creatures
  6 adders
  2 adder zombies (Ossuary)
  A worm (D:2)
  2 dart slugs
  An orc (D:3)
  6 endoplasms
  4 giant cockroaches
  3 goblins
  4 hobgoblins
  3 jackals (D:2)
  4 quokkas
  8 ball pythons
  7 bats
  2 frilled lizards
  2 goblin zombies (Ossuary)
  3 hobgoblin zombies (Ossuary)
  7 kobolds
  3 rats
68 creatures vanquished.

Notes
Turn   | Place    | Note
-------+----------+-------------------------------------------
     0 | D:1      | dredge the Minotaur Berserker began the quest for the Orb.
     0 | D:1      | Reached XP level 1. HP: 19/19 MP: 0/0
   195 | D:1      | Reached skill level 4 in Long Blades
   195 | D:1      | Reached XP level 2. HP: 14/27 MP: 1/1
  1071 | D:2      | Reached XP level 3. HP: 32/34 MP: 2/2
  1162 | D:2      | Reached ** piety under Trog
  1287 | D:2      | Reached XP level 4. HP: 41/41 MP: 3/3
  1384 | D:2      | Reached skill level 5 in Long Blades
  1687 | D:3      | Noticed a +0 dagger
  1688 | D:3      | Found a hide-covered altar of Uskayaw.
  1688 | D:3      | Noticed a +0 dagger
  1868 | D:3      | Found Teaf's Assorted Antiques.
  1890 | D:3      | Found Riop's Antique Armour Shoppe.
  1903 | D:3      | Found Dehomown's Book Emporium.
  1955 | D:3      | Found a shimmering blue altar of Sif Muna.
  2066 | D:3      | Found a stormy altar of Qazlal.
  2122 | D:3      | Found a faded altar of an unknown god.
  2341 | D:4      | Found a radiant altar of Vehumet.
  2351 | D:4      | Found a sand-covered staircase.
  2373 | D:4      | Identified the +2 robe "Faops" {rC+}
  2378 | Ossuary  | Entered an ossuary
  2468 | Ossuary  | HP: 3/61 [troll zombie (8)]
  2468 | Ossuary  | Slain by a troll zombie

Illustrated notes

Levels and vault maps discovered:
D:1:      kilobyte_arrival_exit_the_forest, layout_basic
D:2:      layout_rooms, minmay_ruptured
D:3:      cheibrodos_old_hovel, layout_basic, dancing_weapons_uskayaw,
          nicolae_qazlal_general_emergency, overflow_temple_1_default,
          serial_shops, nicolae_shop_hallway_plus, nicolae_shop_waterfront,
          shop, ebering_ecumenical_altar_hall, nicolae_elevator_lobby_plus
D:4:      layout_rooms, vehumet_altar_wand_db, enter_ossuary_1, minmay_cupped
Ossuary:  ossuary_boxes_badplayer

Skill      XL: |  1  2  3  4 |
---------------+-------------+-----
Long Blades    | 4 5 |  5.2
Fighting       | 4 |  4.9
Armour         | 3 |  3.2
Maces & Flails | |  0.2
Dodging        | |  2.6

Action                     |  1- 3 |  4- 6 || total
---------------------------+-------+-------++-------
  Melee: Falchion          |    89 |    43 ||   132
         Headbutt          |    11 |    12 ||    23
         Mace              |       |    41 ||    41
 Invoke: Berserk           |       |     1 ||     1
    Use: Scroll            |       |     6 ||     6
 Armour: Leather armour    |     5 |       ||     5
         Animal skin       |     1 |       ||     1
         Chain mail        |    16 |       ||    16
         Plate armour      |    32 |    75 ||   107
  Dodge: Dodged            |    41 |    34 ||    75

Table legend: (Time is in decaauts)
 A = Elapsed time spent in this place.
 B = Non-inter-level travel time spent in this place.
 C = Inter-level travel time spent in this place.
 D = Time resting spent in this place.
 E = Time spent auto-exploring this place.
 F = Levels seen in this place.
 G = Mean time per level.
                   A        B        C        D        E       F      G
               +--------+--------+--------+--------+--------+-----+--------+
         Total |   2502 |   2323 |    179 |      0 |   1753 |   5 |  500.4 |
       Dungeon |   2401 |   2222 |    179 |      0 |   1701 |   4 |  600.2 |
       Ossuary |    100 |    100 |      0 |      0 |     52 |   1 |  100.0 |
               +--------+--------+--------+--------+--------+-----+--------+

Top non-repeatable levels by time:
     D:1: 1026 daAuts
     D:3: 682 daAuts
     D:2: 653 daAuts
 Ossuary: 100 daAuts
     D:4: 39 daAuts
